 Dungeon Sprint DCSS version 0.22-a0-240-g539252a (webtiles) character file.

0 Azzok the Firebug (level 1, 0/15 HPs)
             Began as a Deep Elf Fire Elementalist on Feb 21, 2018.
             Was an Initiate of Sif Muna.
             Succumbed to a green ugly thing's poison
             ... in the Dungeon (Sprint V: "Ziggurat Sprint").
             The game lasted 00:00:50 (76 turns).

Azzok the Firebug (Deep Elf Fire Elementalist)        Turns: 76, Time: 00:00:51

Health: 0/15       AC: 25    Str: 10    XL:     1   Next: 0%
Magic:  6/6        EV:  7    Int: 19    God:    Sif Muna [......]
Gold:   0          SH:  0    Dex: 32    Spells: 5/6 levels left

rFire    . . .     SeeInvis .   K - +5 executioner's axe
rCold    . . .     Gourm    .   (shield currently unavailable)
rNeg     . . .     Faith    .   I - +15 Maxwell's patent armour {-Cast -Tele rElec MR+ rCorr}
rPois    .         Spirit   .   (no helmet)
rElec    +         Reflect  .   (no cloak)
rCorr    +         Harm     .   (no gloves)
MR       +....     NoTele   +   (no boots) Stlth ..........NoCast +
                                (no amulet)
HPRegen  0.05/turn              u - +6 ring of dexterity
MPRegen  0.10/turn              v - +6 ring of dexterity

@: confused, agile, berserking (expiring), lethally poisoned (0 -> -31), very
quick
A: no striking features
a: Renounce Religion


You were in the Dungeon.
You worshipped Sif Muna.
Sif Muna was noncommittal.
You were not hungry.

You visited 1 branch

Inventory:

Hand Weapons
 H - the +6 Majin-Bo {vamp, Archmagi MP+6 Int+6}
   (You found it in the Dungeon)

   It inflicts no extra harm, but heals its wielder when it wounds a living foe.
   It affects your intelligence (+6).
   It affects your magic capacity (+6).
 K - a +5 executioner's axe (weapon)
Armour
 a - a +0 robe
 I - the +15 Maxwell's patent armour (worn) {-Cast -Tele rElec MR+ rCorr}
   (You found it in the Dungeon)

   It insulates you from electricity.
   It affects your resistance to hostile enchantments.
   It prevents spellcasting.
   It prevents most forms of teleportation.
   It protects you from acid and corrosion.
 J - the +18 shield of the Gong {rElec rN+ MR+ EV-5}
   (You found it in the Dungeon)

   It affects your evasion (-5).
   It insulates you from electricity.
   It protects you from negative energy.
   It affects your resistance to hostile enchantments.
Magical Staves
 D - an uncursed staff of energy
Jewellery
 u - a +6 ring of dexterity (left hand)
 v - a +6 ring of dexterity (right hand)
 w - a +6 ring of intelligence
 x - a +6 ring of intelligence
 y - a +6 ring of strength
 z - a +6 ring of strength
 F - an uncursed ring of flight
Wands
 A - a wand of disintegration (7)
 B - a wand of iceblast (7)
 C - a wand of acid (7)
Scrolls
 h - 4 scrolls of blinking
 o - 4 scrolls of amnesia
 p - 7 scrolls of fog
 q - a scroll of holy word
 r - 5 scrolls of identify
 s - 5 scrolls of remove curse
 t - 2 scrolls of fear
Potions
 c - 10 potions of curing
 d - 10 potions of heal wounds
 e - 6 potions of haste
 f - 7 potions of magic
 g - 2 potions of berserk rage
 i - 2 potions of brilliance
 j - 2 potions of invisibility
 k - 4 potions of resistance
 l - a potion of experience
 m - 4 potions of agility
 n - 5 potions of might
Miscellaneous
 E - a crystal ball of energy
 G - a lightning rod (4/4)
Comestibles
 b - 7 rations


   Skills:
 + Level 2.4 Dodging
 + Level 2.4 Stealth
 + Level 3.0 Spellcasting
 + Level 1.1 Conjurations
 + Level 3.2 Fire Magic


You had 5 spell levels left.
You knew the following spells:

 Your Spells              Type           Power        Failure   Level  Hunger
a - Flame Tongue          Conj/Fire      ##...        100%        1    None


Dungeon Overview and Level Annotations

Branches:
Dungeon (1/1)

Altars:
Ashenzari
Cheibriados
Dithmenos
Elyvilon
Fedhas
Gozag
Hepliaklqana
Kikubaaqudgha
Makhleb
Nemelex Xobeh
Okawaru
Qazlal
Ru
Sif Muna
Trog
Uskayaw
Vehumet
Wu Jian
Xom
Yredelemnul
Zin
The Shining One
Beogh
Jiyva
Lugonu

Annotations:
D 1 transporter


Message History

The noxious blast engulfs you!
Found a cursed staff of power and a +3 dagger of draining.
Found a transporter.
You are engulfed in noxious fumes.
You choke on the stench!
You are confused.
The swamp drake changes into an ice beast!
The green ugly thing engulfs you.
Ouch! That really hurt!
You are lethally poisoned!
The green ugly thing poisons you!
A red film seems to cover your vision as you go berserk!
You feel yourself moving faster!
You feel mighty!
You are engulfed in noxious fumes.
You choke on the stench!
You are more confused.
* * * LOW HITPOINT WARNING * * *
You feel very sick.
The green ugly thing engulfs you but does no damage.
You feel a strong urge to attack something.
* * * LOW HITPOINT WARNING * * *
You feel sick.
You die...

▓▓▓▓▓▓▓
▓·8©8·▓
▓·····▓
▓·)·|·▓
▓··uY·▓
▓·@···▓
▓··©··▓
▓▓▓▓▓▓▓


You could see a green ugly thing and an ice beast shaped shifter.

Vanquished Creatures (others)
  Pikel (D)
  Duvessa (D)
  Jessica (D)
3 creatures vanquished.

Notes
Turn   | Place    | Note
-------+----------+-------------------------------------------
     0 | D        | Found the +6 Majin-Bo {vamp, Archmagi MP+6 Int+6}
     0 | D        | Found the +7 great mace "Firestarter" {inner flame, rF++}
     0 | D        | Azzok the Deep Elf Fire Elementalist began the quest for the Orb.
     0 | D        | Reached XP level 1. HP: 10/10 MP: 6/6
     0 | D        | Found a deep blue altar of Sif Muna.
     0 | D        | Found a bloodstained altar of Trog.
     0 | D        | Found a sacrificial altar of Ru.
     0 | D        | Found a stormy altar of Qazlal.
     0 | D        | Found an iron altar of Okawaru.
     1 | D        | Found a sparkling altar of Nemelex Xobeh.
     1 | D        | Found a blossoming altar of Fedhas.
     3 | D        | Found a transporter.
     3 | D        | Found an ancient bone altar of Kikubaaqudgha.
     3 | D        | Found a viscous altar of Jiyva.
     3 | D        | Found a corrupted altar of Lugonu.
     3 | D        | Found a hazy altar of Hepliaklqana.
     3 | D        | Found a burning altar of Makhleb.
     3 | D        | Found an opulent altar of Gozag.
     6 | D        | Killed Duvessa
    27 | D        | Found the +9 heavy crossbow "Sniper" {velocity, Acc+∞ SInv}
    27 | D        | Found the +10 dark maul {crush}
    27 | D        | Found the +15 Maxwell's patent armour {-Cast -Tele rElec MR+ rCorr}
    27 | D        | Found the +18 shield of the Gong {rElec rN+ MR+ EV-5}
    27 | D        | Found the cursed +14 obsidian axe {chop, +Fly SInv *Curse}
    27 | D        | Killed Jessica
    30 | D        | Killed Pikel
    59 | D        | Became a worshipper of Sif Muna the Loreminder
    72 | D        | Entered arena 2.
    72 | D        | Noticed a green ugly thing
    72 | D        | Noticed a swamp drake
    72 | D        | Found a transporter.
    73 | D        | Noticed an ice beast
    73 | D        | a swamp drake changed into an ice beast
    76 | D        | Succumbed to a green ugly thing's poison

Vault maps used:
D:        sprint_v

Action                   || total
-------------------------++-------
  Use: Potion            ||     2
Armor: Plate armour      ||     1

Table legend:
 A = Spawn XP
 B = Non-spawn XP
 C = Spawn XP percentage of total XP
 D = Spawn monster count
 E = Non-spawn monster count
 F = Spawn count percentage of total count
 G = Total turns spent on level
                    A         B        C        D         E        F      G
               +---------+---------+-------+---------+---------+-------+---------
         Total |       0 |       0 |   N/A |       0 |       0 |   N/A |    76
               +---------+---------+-------+---------+---------+-------+---------
               +---------+---------+-------+---------+---------+-------+---------
